 Dungeon Crawl Stone Soup version 0.22.1-2-g9c5b331 (webtiles) character file.

464 HoaS the Ruffian (level 7, 0/44 HPs)
             Began as a Gargoyle Berserker on Dec 26, 2018.
             Was a Priest of Trog.
             Slain by a mummy (13 damage)
             ... in an ossuary.
             The game lasted 00:09:11 (3128 turns).

HoaS the Ruffian (Gargoyle Berserker)               Turns: 3128, Time: 00:09:13

Health: 0/44       AC: 10    Str: 23    XL:     7   Next: 7%
Magic:  7/7        EV: 11    Int:  7    God:    Trog [***...]
Gold:   176        SH:  0    Dex:  9    Spells: 6/6 levels left

rFire    . . .     SeeInvis .     - Unarmed
rCold    + . .     Gourm    .   (no shield)
rNeg     + . .     Faith    .   e - +0 ring mail
rPois    ∞         Spirit   .   (no helmet)
rElec    +         Reflect  .   (no cloak)
rCorr    .         Harm     .   (no gloves)
MR       +++..                  (no boots)
Stlth    ..........             (no amulet)
HPRegen  1.14/turn              d - ring of protection from cold
MPRegen  0.10/turn              l - ring of protection from magic

@: marked, regenerating
A: negative energy resistance 1, electricity resistance, unbreathing,
petrification resistance, rot immunity, AC +4
a: Berserk, Trog's Hand, Renounce Religion


You were in an ossuary.
You worshipped Trog.
Trog was most pleased with you.
You were not hungry.

You visited 1 branch of the dungeon, and saw 4 of its levels.
You also visited: Ossuary.

You collected 176 gold pieces.

Inventory:

Armour
 e - a +0 ring mail (worn)
 j - a +0 chain mail
Jewellery
 d - a ring of protection from cold (left hand)
 l - a ring of protection from magic (right hand)
Scrolls
 a - a scroll of enchant armour
 i - a scroll of remove curse
Potions
 c - a potion of berserk rage {unknown}
 f - 3 potions of might {unknown}
 g - a potion of curing {unknown}
 k - a potion of brilliance {unknown}
 m - a potion of degeneration {unknown}
 n - a potion of ambrosia {unknown}
Comestibles
 b - 5 rations


   Skills:
 * Level 5.2 Fighting
 + Level 3.5 Armour
 - Level 1.5 Dodging
 * Level 6.2 Unarmed Combat


You had 6 spell levels left.
You didn't know any spells.
Your spell library was empty.

Dungeon Overview and Level Annotations

Branches:
Dungeon (4/15)
 Temple: D:4-7

Altars:
Wu Jian


Innate Abilities, Weirdness & Mutations

You are resistant to torment.
Your stone body is resilient. (AC +4)
You are immune to poison.
You resist negative energy. (rN+)
You are resistant to electric shocks. (rElec)
You can survive without breathing.
You are immune to petrification.
You are immune to rotting.


Message History

You hit the mummy.
The mummy is lightly damaged.
The mummy hits you!
You hit the mummy but do no damage.
The mummy is lightly damaged.
The mummy hits you!
You barely miss the mummy.
The mummy is lightly damaged.
The mummy hits you.
* * * LOW HITPOINT WARNING * * *
You barely miss the mummy.
The mummy is lightly damaged.
The mummy closely misses you.
You hit the mummy.
The mummy is moderately damaged.
The mummy hits you.
You punch the mummy!
The mummy is almost destroyed.
The mummy hits you!
You die...

#...##############...#
#...# #...# #...#
#...# #...# #...#
#...####+.... #...#
#...#.....∩.# #...#
#...#.......# #...#
#...#.......# #...#
#...#.....ZZ####.#...#
#...#.....ZZM@MZZ#...#
#...#.####.Z####Z#...#
#...# #.^# #...# #...#
#.^# #...#
#...######^.######...#
#....................#
#........8..8........#
#....................#
#....................#


You could see 2 mummies, an adder zombie, 2 rat zombies, a kobold zombie, a big
kobold zombie, an orc zombie, an elf zombie and a centaur zombie.

Vanquished Creatures
  Grinder (D:3)
  An ogre (D:4)
  A centaur zombie (Ossuary)
  8 adders
  An adder zombie (Ossuary)
  2 worms (D:2)
  A dart slug (D:1)
  A leopard gecko (D:1)
  3 orcs
  5 bats
  3 giant cockroaches
  6 goblins
  6 hobgoblins
  5 jackals
  11 kobolds
  2 quokkas
  3 frilled lizards
  8 hobgoblin zombies (Ossuary)
  6 kobold zombies (Ossuary)
  7 orc zombies (Ossuary)
  2 quokka zombies (D:4)
  6 rats
89 creatures vanquished.

Notes
Turn   | Place    | Note
-------+----------+-------------------------------------------
     0 | D:1      | HoaS the Gargoyle Berserker began the quest for the Orb.
     0 | D:1      | Reached XP level 1. HP: 14/14 MP: 1/1
   145 | D:1      | Reached XP level 2. HP: 15/19 MP: 2/2
   701 | D:2      | Reached skill level 4 in Unarmed Combat
   723 | D:1      | Reached XP level 3. HP: 7/23 MP: 3/3
  1110 | D:2      | Reached ** piety under Trog
  1156 | D:2      | Reached XP level 4. HP: 17/28 MP: 4/4
  1360 | D:2      | Reached skill level 5 in Unarmed Combat
  1770 | D:3      | Noticed Grinder
  2001 | D:3      | Paralysed by Grinder for 6 turns
  2255 | D:3      | Killed Grinder
  2255 | D:3      | Reached XP level 5. HP: 20/34 MP: 5/5
  2255 | D:3      | Reached XP level 6. HP: 23/39 MP: 6/6
  2490 | D:3      | Found an ornate altar of the Wu Jian Council.
  2662 | D:3      | Found a faded altar of an unknown god.
  2904 | D:4      | Reached skill level 5 in Fighting
  2904 | D:4      | Reached skill level 6 in Unarmed Combat
  2958 | D:4      | Found a sand-covered staircase.
  2979 | Ossuary  | Entered an ossuary
  3041 | Ossuary  | Reached *** piety under Trog
  3108 | Ossuary  | Reached XP level 7. HP: 44/44 MP: 7/7
  3128 | Ossuary  | Slain by a mummy

Skill      XL: |  1  2  3  4  5  6 |
---------------+-------------------+-----
Unarmed Combat | 4 5 6 |  6.2
Fighting       | 4 5 |  5.2
Armour         | 3 |  3.5
Dodging        | |  1.5

Action                   |  1- 3 |  4- 6 |  7- 9 || total
-------------------------+-------+-------+-------++-------
Melee: Unarmed           |   130 |   211 |    19 ||   360
       Punch             |     2 |     6 |     3 ||    11
Invok: Trog's Hand       |       |     2 |     1 ||     3
       Berserk           |       |     2 |       ||     2
  Use: Scroll            |       |     4 |       ||     4
 Stab: Sleeping          |     3 |       |       ||     3
  Eat: Chunk             |     1 |     9 |       ||    10
Armor: Animal skin       |    36 |    23 |       ||    59
       Leather armour    |       |    55 |       ||    55
       Ring mail         |       |    43 |     7 ||    50
Dodge: Dodged            |    89 |   158 |    10 ||   257
